Match 46285717
Unlisted

Match 46285717
End
Pioneer Squad
Construct Infanterie Kompanie
Grenadier Squad
Grenadier Squad
MG 42 Machine Gun Team
Grenadier Squad
Construct Luftwaffe Kompanie
221 Scout Car
Medical Station
Selects Mechanized Battlegroup
Selects Raid Package
Jäger Squad
Selects StuG Assault Group
StuG Assault Group
Selects Spotting Scopes
Selects Wespe Self-propelled Artillery
Selects Spotting Scopes
Selects Wespe Self-propelled Artillery
Construct Panzer Kompanie
Selects UNKNOWN (2160084)
Panther Heavy Tank
✠Kaiser✠ tushkan
Skeng.Tecnica.International
0
0

Comments sign in to comment!

No comments posted yet!